 Dungeon Crawl Stone Soup version 0.30.2 (webtiles) character file.

Game seed: 10486291382012090932

828 Strat the Tainter (level 7, -2/41 HPs)
             Began as an Octopode Venom Mage on Feb 12, 2024.
             Was an Initiate of Vehumet.
             Slain by a hound (4 damage)
             ... on level 5 of the Dungeon.
             The game lasted 00:10:47 (5307 turns).

Strat the Tainter (Octopode Venom Mage)             Turns: 5307, Time: 00:10:49

Health: -2/41      AC:  1    Str:  8    XL:     7   Next: 97%
Magic:  2/12       EV: 13    Int: 19    God:    Vehumet [......]
Gold:   186        SH:  0    Dex: 12    Spells: 3/13 levels left

rFire   . . .        a - +2 quarterstaff (chaos)
rCold   . . .        (shield currently unavailable)
rNeg    . . .        (helmet restricted)
rPois   .            (no amulet)
rElec   .            c - ring of flight
rCorr   .            (no ring)
SInv    .            (no ring)
Will    .....        (no ring)
Stlth   +++          (no ring)
HPRegen 0.26/turn    (no ring)
MPRegen 0.13/turn    (no ring)
                     (no ring)

%: no passive effects
@: flying
A: almost no armour, amphibious, 8 rings, camouflage 1, gelatinous body 1,
(nimble swimmer 1), tentacles
a: Renounce Religion


You were on level 5 of the Dungeon.
You worshipped Vehumet.
Vehumet was noncommittal.
You visited 2 branches of the dungeon, and saw 7 of its levels.

You collected 186 gold pieces.

Inventory:

Hand Weapons
 a - a +2 quarterstaff of chaos (weapon)
 f - a +0 dagger
Missiles
 n - a throwing net
 s - 4 datura-tipped darts
Armour
 d - a +0 buckler
Jewellery
 c - a ring of flight (left tentacle)
Wands
 k - a wand of roots (11)
 r - a wand of flame (15)
 u - a wand of quicksilver (11)
 w - a wand of digging (5)
Scrolls
 g - a scroll of magic mapping {unknown}
 m - a scroll of identify
Potions
 b - 4 potions of curing
 e - 2 potions of might
 h - 3 potions of mutation
 i - 3 potions of attraction
 j - a potion of resistance {unknown}
 l - a potion of magic
 p - a potion of heal wounds {unknown}
 x - 2 potions of brilliance
 z - a potion of lignification {unknown}


   Skills:
 - Level 2.0 Dodging
 - Level 2.6 Stealth
 - Level 3.7 Spellcasting
 + Level 4.4 Conjurations
 - Level 1.0 Transmutations
 - Level 2.0 Air Magic
 + Level 8.0 Poison Magic


You had 3 spell levels left.
You knew the following spells:

 Your Spells              Type           Power      Damage    Failure   Level
a - Sting                 Tmut/Pois      80%        1d7       2%          1
b - Poisonous Vapours     Pois/Air       44%        N/A       2%          2
c - Olgreb's Toxic Radia  Pois           34%        N/A       5%          4
d - Mephitic Cloud        Conj/Pois/Air  21%        N/A       6%          3

Your spell library contained the following spells:

 Spells                   Type           Power      Damage    Failure   Level
 Shock                    Conj/Air       60%        1d6       3%          1
 Swiftness                Air            11%        N/A       19%         3
 Airstrike                Air            5%         2d(1-17)  52%         4


Dungeon Overview and Level Annotations

Branches:
Dungeon (6/15)             Temple (1/1) D:4

Altars:
Ashenzari
Cheibriados
Elyvilon
Fedhas
Gozag
Nemelex Xobeh
Okawaru
Ru
Sif Muna
Trog
Uskayaw
Vehumet
Yredelemnul
Zin


Innate Abilities, Weirdness & Mutations

You cannot wear most types of armour.
You are amphibious.
You can wear up to eight rings at the same time.
Your skin changes colour to match your surroundings (Stealth+).
Your rubbery body absorbs attacks. (AC +1, EV +1)
((You are camouflaged when in or above water. (Stealth+)))
You have tentacles for arms and can constrict up to eight enemies at once.


Message History

The orc barely misses you. The hound completely misses you.
You hit the orc. You freeze the orc. You grab the orc. You squeeze the orc.
You kill the orc!
Vehumet accepts your kill. The hound closely misses you.
The orc hits you with a +0 hand axe. The hound barely misses you.
The orc hits you with a +0 hand axe.
* * * LOW HITPOINT WARNING * * *
Casting: Olgreb's Toxic Radiance (dangerous; 5% risk of failure)
Confirm with . or Enter, or press ? or * to list all spells.
You miscast Olgreb's Toxic Radiance.
You are very lightly contaminated with residual magic.
Nothing appears to happen.
The hound bites you.
* * * LOW HITPOINT WARNING * * *
The orc hits you with a +0 hand axe.
* * * LOW HITPOINT WARNING * * *
The hound bites you.
* * * LOW HITPOINT WARNING * * *
The hound barely misses you. The orc attacks as you move away!
The orc hits you with a +0 hand axe.
* * * LOW HITPOINT WARNING * * *
The hound bites you but does no damage. The hound barely misses you.
Your magical contamination has completely faded away.
You hit the hound. You burn the hound. Your grab misses the hound.
The hound is heavily wounded.
The hound bites you.
* * * LOW HITPOINT WARNING * * *
The hound bites you.
* * * LOW HITPOINT WARNING * * *
You closely miss the hound. You grab the hound.
The hound is heavily wounded.
You constrict the hound. The hound misses you. The hound bites you.
* * * LOW HITPOINT WARNING * * *
You hit the hound but do no damage.
The hound is severely wounded.
You constrict the hound, but do no damage.
The hound bites you.
* * * LOW HITPOINT WARNING * * *
The hound bites you.
You die...

#.....# ## #.....# #
#.....# #.....##
##...(.# ##....# ####
##...###.[##
##...#....##
##@.......##
##h.......# #
##.........# ##
##.........## #.
##.........## #.
#..........## ###.
##...........######...
#...............#....#
#...)...##...##)...###


You could see a hound.

Vanquished Creatures
  Grinder (D:5)
  A phantom (D:5)
  A gnoll sergeant (D:6)
  2 hounds
  Crazy Yiuf (D:2)
  A gnoll bouda (D:5)
  A jelly (D:4)
  A sleepcap (D:4)
  Natasha (twice) (D:3)
  Robin (D:3)
  4 adders
  11 gnolls
  An ufetubus (D:5)
  3 worms
  A dart slug (D:1)
  6 orcs
  3 ball pythons
  8 bats
  6 endoplasms
  4 giant cockroaches
  16 goblins
  13 hobgoblins
  4 kobolds
  4 quokkas
  5 frilled lizards
  5 rats
106 creatures vanquished.

Notes
Turn   | Place    | Note
-------+----------+-------------------------------------------
     0 | D:1      | Strat the Octopode Venom Mage began the quest for the Orb.
     0 | D:1      | Reached XP level 1. HP: 11/11 MP: 3/3
   382 | D:1      | Reached skill level 4 in Poison Magic
   382 | D:1      | Reached XP level 2. HP: 17/17 MP: 1/5
   428 | D:1      | Learned a level 2 spell: Poisonous Vapours
   709 | D:1      | Found a faded altar of an unknown god.
  1116 | D:2      | Reached XP level 3. HP: 21/21 MP: 4/6
  1304 | D:2      | Found a runed translucent door.
  1305 | D:2      | Noticed Crazy Yiuf
  1318 | D:2      | Killed Crazy Yiuf
  1438 | D:2      | Reached XP level 4. HP: 27/27 MP: 8/8
  1654 | D:2      | Reached skill level 5 in Poison Magic
  1987 | D:3      | Found a white marble altar of Elyvilon.
  2032 | D:3      | Noticed Natasha
  2040 | D:3      | Killed Natasha
  2125 | D:3      | Noticed Natasha
  2130 | D:3      | Killed Natasha
  2131 | D:3      | Reached XP level 5. HP: 13/31 MP: 5/10
  2243 | D:3      | Noticed Robin
  2282 | D:3      | Learned a level 4 spell: Olgreb's Toxic Radiance
  2286 | D:3      | Learned a level 3 spell: Mephitic Cloud
  2433 | D:3      | Killed Robin
  2880 | D:4      | Identified the +0 dagger "Baleinn" {drain, Str+2}
  2923 | D:4      | Reached skill level 1 in Conjurations
  3171 | D:4      | Found a staircase to the Ecumenical Temple.
  3193 | D:4      | Reached skill level 1 in Air Magic
  3193 | D:4      | Reached skill level 6 in Poison Magic
  3193 | D:4      | Reached XP level 6. HP: 23/36 MP: 5/11
  3357 | Temple   | Entered the Ecumenical Temple
  3375 | Temple   | Became a worshipper of Vehumet
  3754 | D:4      | Found a bloodstained altar of Trog.
  3844 | D:5      | Entered Level 5 of the Dungeon
  4087 | D:5      | Found a blossoming altar of Fedhas.
  4089 | D:5      | Noticed Grinder
  4099 | D:5      | Killed Grinder
  4100 | D:5      | Reached XP level 7. HP: 41/41 MP: 12/12
  4176 | D:5      | Reached skill level 7 in Poison Magic
  4404 | D:5      | Found a basalt altar of Yredelemnul.
  5283 | D:6      | Reached skill level 8 in Poison Magic
  5306 | D:5      | HP: 2/41 [hound (6)]
  5307 | D:5      | Slain by a hound

Illustrated notes

Levels and vault maps discovered:
D:1:      saegor_arrival_simple_e, layout_basic,
          shapermc_ecumenical_altar_notcrosses, kennysheep_crisscross
D:2:      layout_basic, uniq_crazy_yiuf_cottage
D:3:      layout_basic, elyvilon_altar_3, uniq_robin, uniq_natasha
D:4:      layout_cave_pools, trog_hazing_becter, minmay_temple_entry_junction_2
D:5:      layout_cave_pods, mainiacjoe_overflow_boulevard, old_standard_altar,
          uniq_grinder
D:6:      layout_rooms, kennysheep_mini_moat, gammafunk_ghost_grave,
          portal_sewer_entry_f
Temple:   compressed_dpeg_triangle_lava_temple

Skill      XL: |  1  2  3  4  5  6  7 |
---------------+----------------------+-----
Poison Magic   | 4 5 6 8 |  8.0
Spellcasting   | 3 |  3.7
Conjurations   | 1 3 4 |  4.4
Air Magic      | 1 2 |  2.0
Dodging        | |  2.0
Stealth        | |  2.6
Transmutations | |  1.0

Action                     |  1- 3 |  4- 6 |  7- 9 || total
---------------------------+-------+-------+-------++-------
  Melee: Unarmed           |    10 |       |       ||    10
         Constrict         |    10 |    17 |     9 ||    36
         Dagger            |    10 |       |       ||    10
         Tentacles         |     4 |     9 |     6 ||    19
         Quarterstaff      |     3 |    68 |    38 ||   109
         Punch             |       |     1 |       ||     1
   Cast: Sting             |    30 |    16 |     1 ||    47
         Poisonous Vapours |     5 |    27 |     2 ||    34
         Olgreb's Toxic Ra |       |       |     5 ||     5
         Mephitic Cloud    |       |       |     2 ||     2
  Evoke: Wand              |       |     3 |       ||     3
    Use: Scroll            |       |     8 |     2 ||    10
         Potion            |       |     1 |       ||     1
   Stab: Sleeping          |     1 |    10 |     1 ||    12
         Paralysed         |       |       |     1 ||     1
 Armour: Skin              |     7 |     3 |     3 ||    13
  Dodge: Dodged            |    21 |    36 |    37 ||    94
